 Dungeon Crawl Stone Soup version 0.29-a0-598-gd8304a5bf4 (webtiles) character file.

Game seed: 14189211007288844395

7 moldycheese5 the Grasshopper (level 1, 0/19 HPs)
             Began as a Troll Warper on June 15, 2022.
             Slain by a goblin
             ... wielding a +0 club
              (3 damage)
             ... on level 2 of the Dungeon.
             The game lasted 00:07:42 (516 turns).

moldycheese5 the Grasshopper (Troll Warper)          Turns: 516, Time: 00:07:44

Health: 0/19       AC:  4    Str: 18    XL:     1   Next: 83%
Magic:  1/1        EV: 10    Int:  9    God:
Gold:   22         SH:  0    Dex:  9    Spells: 2/2 levels left

rFire   . . .      SeeInvis .   a - +0 falchion
rCold   . . .      Faith    .   (no shield)
rNeg    . . .      Spirit   .   b - +0 robe
rPois   .          Reflect  .   (helmet restricted)
rElec   .          Harm     .   (no cloak)
rCorr   .          Rampage  .   (gloves unavailable)
Will    .....                   (boots unavailable)
Stlth   +.........              (no amulet)
HPRegen 0.86/turn               (no ring)
MPRegen 0.07/turn               (no ring)

@: no status effects
A: large, unfitting armour, claws 3, regeneration 1, shaggy fur 1, tough skin 1
a: no special abilities


You were on level 2 of the Dungeon.
You visited 1 branch of the dungeon, and saw 2 of its levels.

You collected 22 gold pieces.

Inventory:

Hand Weapons
 a - a +0 falchion (weapon)
 h - a +0 whip
 i - a +0 hunting sling
Missiles
 c - 52 stones
 d - 7 boomerangs of dispersal (quivered)
Armour
 b - a +0 robe (worn)
 e - a +0 leather armour
Scrolls
 j - a scroll of acquirement {unknown}
Potions
 f - a potion of flight {unknown}
 g - a potion of curing {unknown}


   Skills:
 + Level 1.5 Fighting
 + Level 1.5 Long Blades
 + Level 0.8 Throwing
 + Level 2.2 Dodging
 + Level 1.3 Spellcasting
 + Level 2.2 Translocations


You had 2 spell levels left.
You didn't know any spells.
Your spell library contained the following spells:

 Spells                   Type           Power      Damage    Failure   Level
 Blink                    Tloc           8%         N/A       22%         2
 Magic Dart               Conj           0%         1d3       36%         1
 Call Imp                 Summ           0%         N/A       50%         2
 Ensorcelled Hibernation  Hex/Ice        0%         N/A       50%         2
 Gell's Gravitas          Tloc           4%         N/A       38%         3
 Lesser Beckoning         Tloc           4%         N/A       38%         3
 Teleport Other           Tloc           4%         N/A       38%         3
 Mephitic Cloud           Conj/Pois/Air  0%         N/A       73%         3
 Spider Form              Tmut/Pois      0%         N/A       73%         3
 Anguish                  Hex/Necr       0%         N/A       98%         4
 Manifold Assault         Tloc           4%         N/A       98%         5


Dungeon Overview and Level Annotations

Branches:
Dungeon (2/15)

Altars:

Annotations:
D:2 Sigmund


Innate Abilities, Weirdness & Mutations

You are too large for most types of armour.
You have claws for hands.
Your natural rate of healing is unusually fast.
You are covered in fur. (AC +1)
You have tough skin. (AC +1)


Message History

The ball python bites you but does no damage.
You hit the ball python.
You kill the ball python!
You see here a ball python corpse.
You see here a hobgoblin corpse.
Found 19 stones.
c - 52 stones (gained 19)
Found a scroll labelled ELAMNE QEBLUUS.
j - a scroll labelled ELAMNE QEBLUUS You see here a hobgoblin skeleton.
There is a stone staircase leading down here.
You climb downwards.
Sigmund shouts!
The adder hisses angrily.
There is a stone staircase leading up here.
Memorise Magic Dart, consuming 1 spell level and leaving 1? [Y]es or [N]o only, please.
Memorise Magic Dart, consuming 1 spell level and leaving 1? [Y]es or [N]o only, please.
Memorise Magic Dart, consuming 1 spell level and leaving 1?
Sigmund completely misses you.
You start memorising the spell.
You continue memorising.
The adder bites you but does no damage.
Your memorisation is interrupted.
You barely miss the goblin. The adder barely misses you.
Sigmund hits you from afar with a +0 scythe.
The goblin hits you but does no damage. The adder closely misses you.
You closely miss the goblin. The adder bites you but does no damage.
Sigmund closely misses you. The goblin barely misses you.
You miss the goblin. The adder bites you. The goblin closely misses you.
The adder barely misses you.
Sigmund hits you from afar with a +0 scythe!
Ouch! That really hurt!
You miss the goblin. The goblin hits you with a +0 club.
The adder bites you but does no damage. The adder bites you.
* * * LOW HITPOINT WARNING * * *
Sigmund gestures wildly while chanting.
Sigmund flickers and vanishes!
Deactivating autopickup; reactivate with Ctrl-A.
The goblin hits you with a +0 club.
You die...

...# .# ##..#
.# #...# ..#
#...# ..#
#...#...# .
#...#...#
....#.......#
......S@g{..#
............#
........#...#
........#...#
...######
.... .. .####
# . .#


You could see an adder and a goblin.

Vanquished Creatures
  A ball python (D:1)
  A bat (D:1)
  A hobgoblin (D:1)
  A quokka (D:1)
  A frilled lizard (D:1)
  A kobold (D:1)
6 creatures vanquished.

Notes
Turn   | Place    | Note
-------+----------+-------------------------------------------
     0 | D:1      | moldycheese5 the Troll Warper began the quest for the Orb.
     0 | D:1      | Reached XP level 1. HP: 19/19 MP: 1/1
   509 | D:2      | Noticed Sigmund
   516 | D:2      | Slain by a goblin

Illustrated notes

Levels and vault maps discovered:
D:1:      co_arrival_square_in_a_square_in_a_square, layout_basic,
          chequers_ecumenical_altar_grove, minmay_stone_trees_small,
          minmay_misc_feat_doors
D:2:      layout_basic, dreamdust_princess_bridge, uniq_sigmund,
          uniq_crazy_yiuf_cottage

Skill      XL: |  1 |
---------------+----+-----
Dodging        | 2 |  2.2
Fighting       | |  1.5
Long Blades    | |  1.5
Throwing       | |  0.8
Spellcasting   | |  1.3
Translocations | |  2.2

Action                   || total
-------------------------++-------
Melee: Falchion          ||    29
  Use: Scroll            ||     1
Armor: Robe              ||    13
Dodge: Dodged            ||    23

Table legend: (Time is in decaauts)
 A = Elapsed time spent in this place.
 B = Non-inter-level travel time spent in this place.
 C = Inter-level travel time spent in this place.
 D = Time resting spent in this place.
 E = Time spent auto-exploring this place.
 F = Levels seen in this place.
 G = Mean time per level.
                   A        B        C        D        E       F      G
               +--------+--------+--------+--------+--------+-----+--------+
         Total |    521 |     95 |    426 |      0 |      0 |   2 |  260.5 |
       Dungeon |    521 |     95 |    426 |      0 |      0 |   2 |  260.5 |
               +--------+--------+--------+--------+--------+-----+--------+

Top non-repeatable levels by time:
     D:1: 514 daAuts
     D:2: 7 daAuts
